 Dungeon Sprint DCSS version 0.30.1-11-g7821555f0a (webtiles) character file.

Game seed: 12977268100723196609

1043 Groucho the Fighter (level 8, -6/68 HPs)
             Began as a Gnoll Wanderer on Nov 25, 2023.
             Was a Priest of Cheibriados.
             Killed from afar by a deep elf sorcerer (16 damage)
             ... with a bolt of acid
             ... in the Dungeon (Sprint V: "Ziggurat Sprint").
             The game lasted 00:02:42 (321 turns).

Groucho the Fighter (Gnoll Wanderer)                 Turns: 321, Time: 00:02:42

Health: -6/68      AC: 29    Str: 28    XL:     8   Next: 25%
Magic:  16/18      EV:  6    Int: 20    God:    Cheibriados [***...]
Gold:   0          SH: 30    Dex: 22    Spells: 20/21 levels left

rFire   . . .        O - +6 shillelagh "Devastator" {shatter}
rCold   . . .        H - +18 shield of the Gong {Loud rN+ Will+ rCorr EV-5}
rNeg    + . .        G - +15 Maxwell's patent armour {-Cast -Tele rElec Will+ rCorr}
rPois   .            (no helmet)
rElec   +            (no cloak)
rCorr   +            b - +0 pair of gloves
SInv    .            (no boots)
Will    ++...        (no amulet) Stlth
                     z - +6 ring of strength
HPRegen 0.31/turn    A - +6 ring of strength
MPRegen 0.16/turn

%: no teleportation, no spellcasting
@: very slow
A: fangs 1, strong nose, distributed training
a: Renounce Religion, Bend Time, Temporal Distortion


You were in the Dungeon.
You worshipped Cheibriados.
Cheibriados was most pleased with you.
You visited 1 branch

Inventory:

Hand Weapons
 C - the +6 Majin-Bo {spellvamp, MP+6 Int+6}
   (You found it in the Dungeon)

   Int:       It affects your intelligence (+6).
   MP:        It affects your magic capacity (+6).
 D - the +10 dark maul {heavy}
   (You found it in the Dungeon)
 E - the +27 heavy crossbow "Sniper" {heavy, Acc+∞ SInv}
   (You found it in the Dungeon)

   Acc+∞: It never misses its target.
   SInv:      It lets you see invisible.
 F - the +16 obsidian axe {drain, demonic, Mesm Drain Fly SInv}
   (You found it in the Dungeon)

   Mesm:      Its wielder is mesmerised by any visible foes, and it cannot be
   unequipped while any foes are visible.
   SInv:      It lets you see invisible.
   Fly:       It grants you flight.
   Drain:     It drains your maximum health when unequipped.
 I - the +11 Singing Sword {sonic wave}
   (You found it in the Dungeon)
 J - the +7 great mace "Firestarter" {flame, immolate, rFlCloud rF++}
   (You found it in the Dungeon)

   rFlCloud:  It grants immunity to clouds of flame.
   rF:        It greatly protects you from fire.
 K - the +8 lance "Wyrmbane" {slay drac, rPois rF+ rC+ AC+3}
   (You found it in the Dungeon)

   AC:        It affects your AC (+3).
   rF:        It protects you from fire.
   rC:        It protects you from cold.
   rPois:     It protects you from poison.
 L - the +7 mace of Variability {chaos, chaos arc}
   (You found it in the Dungeon)

   Cheibriados disapproves of the use of such an item.
 M - the +11 plutonium sword {Contam Stlth-}
   (You found it in the Dungeon)

   Contam:    It causes magical contamination when unequipped.
   Stlth:     It makes you less stealthy.
 N - the +13 scythe of Curses {drain, curses, Drain}
   (You found it in the Dungeon)

   Drain:     It drains your maximum health when unequipped.
 O - the +6 shillelagh "Devastator" (weapon) {shatter}
   (You found it in the Dungeon)
 P - the +8 storm bow {elec, penet}
   (You found it in the Dungeon)
 Q - the +9 sword of Power {lifebolt}
   (You found it in the Dungeon)
 R - the +9 sword of Zonguldrok {reap}
   (You found it in the Dungeon)
 S - a +5 hand crossbow
Armour
 a - +5 gold dragon scales
 b - a +0 pair of gloves (worn)
 G - the +15 Maxwell's patent armour (worn) {-Cast -Tele rElec Will+ rCorr}
   (You found it in the Dungeon)

   rElec:     It insulates you from electricity.
   -Cast:     It prevents spellcasting.
   -Tele:     It prevents most forms of teleportation.
   rCorr:     It protects you from acid and corrosion.
   Will:      It increases your willpower.
 H - the +18 shield of the Gong (worn) {Loud rN+ Will+ rCorr EV-5}
   (You found it in the Dungeon)

   Loud:      It is deafeningly noisy when blocking attacks.
   EV:        It affects your evasion (-5).
   rN:        It protects you from negative energy.
   rCorr:     It protects you from acid and corrosion.
   Will:      It increases your willpower.
Jewellery
 u - a ring of flight
 v - a +6 ring of dexterity
 w - a +6 ring of dexterity
 x - a +6 ring of intelligence
 y - a +6 ring of intelligence
 z - a +6 ring of strength (left hand)
 A - a +6 ring of strength (right hand)
Wands
 r - a wand of mindburst (7)
 s - a wand of iceblast (7)
 t - a wand of acid (7)
 B - a wand of flame (16)
Scrolls
 c - 5 scrolls of blinking
 n - 4 scrolls of amnesia
 o - 7 scrolls of fog
 p - 5 scrolls of identify
 q - 2 scrolls of fear
Potions
 d - 2 potions of brilliance
 e - 10 potions of curing
 f - 8 potions of heal wounds
 g - 6 potions of haste
 h - 7 potions of magic
 i - 3 potions of berserk rage
 j - 2 potions of invisibility
 k - 4 potions of resistance
 l - a potion of experience
 m - 5 potions of might


   Skills:
 + Level 8.1 Fighting
 + Level 7.1 Short Blades
 + Level 6.5 Long Blades
 + Level 6.5 Axes
 + Level 6.5 Maces & Flails
 + Level 6.5 Polearms
 + Level 6.5 Staves
 + Level 6.5 Ranged Weapons
 + Level 6.5 Throwing
 + Level 6.5 Armour
 + Level 7.1 Dodging
 + Level 7.8 Stealth
 + Level 6.5 Shields
 + Level 6.5 Unarmed Combat
 + Level 7.2 Spellcasting
 + Level 5.4 Conjurations
 + Level 5.4 Hexes
 + Level 5.4 Summonings
 + Level 5.4 Necromancy
 + Level 5.4 Translocations
 + Level 5.4 Transmutations
 + Level 5.4 Fire Magic
 + Level 5.4 Ice Magic
 + Level 5.4 Air Magic
 + Level 7.8 Earth Magic
 + Level 5.4 Poison Magic
 + Level 7.2 Invocations
 + Level 6.5 Evocations


You had 20 spell levels left.
You knew the following spells:

 Your Spells              Type           Power      Damage    Failure   Level
a - Sandblast             Erth           76%        2d16      7%          1

Your spell library contained the following spells:

 Spells                   Type           Power      Damage    Failure   Level
 Animate Armour           Summ/Erth      66%        N/A       73%         4
 Petrify                  Tmut/Erth      33%        N/A       73%         4


Dungeon Overview and Level Annotations

Branches:
Dungeon (1/1)

Altars:
Ashenzari
Cheibriados
Dithmenos
Elyvilon
Fedhas
Gozag
Hepliaklqana
Kikubaaqudgha
Makhleb
Nemelex Xobeh
Okawaru
Qazlal
Ru
Sif Muna
Trog
Uskayaw
Vehumet
Wu Jian
Xom
Yredelemnul
Zin
The Shining One
Jiyva
Lugonu

Annotations:
D 1 transporter


Innate Abilities, Weirdness & Mutations

You have very sharp teeth.
Your uncanny sense of smell can sniff out nearby items.
Your experience applies equally to all skills.


Message History

Your Axes skill increases to level 6!
Your Maces & Flails skill increases to level 6!
Your Polearms skill increases to level 6!
Your Staves skill increases to level 6!
Your Ranged Weapons skill increases to level 6!
Your Throwing skill increases to level 6!
Your Armour skill increases to level 6!
Your Dodging skill increases to level 7!
Your Stealth skill increases to level 7!
Your Shields skill increases to level 6!
Your Unarmed Combat skill increases to level 6!
Your Spellcasting skill increases to level 7!
Your Conjurations skill increases to level 5!
Your Hexes skill increases to level 5!
Your Summonings skill increases to level 5!
Your Necromancy skill increases to level 5!
Your Translocations skill increases to level 5!
Your Transmutations skill increases to level 5!
Your Fire Magic skill increases to level 5!
Your Ice Magic skill increases to level 5!
Your Air Magic skill increases to level 5!
Your Poison Magic skill increases to level 5!
Your Invocations skill gained 2 levels and is now at level 7!
Your Evocations skill increases to level 6!
You have reached level 8!
You feel stronger.
The deep elf sorcerer barely misses you.
The +2 heavy glaive hits you but does no damage.
You block the deep elf sorcerer's attack.
GONNNNG!
You block the deep elf sorcerer's attack.
GONNNNG!
The +2 heavy glaive hits you from afar!
* * * LOW HITPOINT WARNING * * *
You see here a +0 long sword.
Unknown command.
Unknown command.
The deep elf sorcerer gestures at you while chanting.
The bolt of acid hits you! You resist.
You die...

▓▓▓▓▓▓▓▓▓▓▓▓▓▓▓▓▓▓▓
▓.8©8.▓.8©8.▓.8©8.▓
∆
▓.})}.▓.=|).▓.....▓
∆
▓../..▓.....▓.|.[.▓
▓.(...▓.....▓.....▓
▓...e.▓.....▓.....▓
▓...)@▓..†..▓..©..▓
▓..©..▓..©..▓▓▓▓▓▓▓
▓▓▓▓▓▓▓▓▓▓▓▓▓ ∆∆∆
∆∆∆ ∆ ∆ ∆ ∆


You could see a deep elf sorcerer (fast) and a +2 heavy glaive.

Vanquished Creatures
  A deep elf zephyrmancer (D)
  An air elemental (D)
  A fire elemental (D)
  2 hell hounds (D)
  2 phantoms (D)
7 creatures vanquished.

Notes
Turn   | Place    | Note
-------+----------+-------------------------------------------
     0 | D        | Groucho the Gnoll Wanderer began the quest for the Orb.
     0 | D        | Groucho set off with the following items: a +0 short sword,
                  | a +0 pair of gloves, 2 scrolls of blinking, a +0 robe, a
                  | potion of curing, a potion of heal wounds, a potion of
                  | haste, 2 potions of magic, a potion of berserk rage; and
                  | the following spell memorised: Sandblast; and the following
                  | spells available to memorise: Animate Armour, Petrify.
     0 | D        | Reached XP level 1. HP: 20/20 MP: 4/4
    11 | D        | Found a blossoming altar of Fedhas.
    11 | D        | Found the +6 Majin-Bo {spellvamp, MP+6 Int+6}
    11 | D        | Found the +27 heavy crossbow "Sniper" {heavy, Acc+∞ SInv}
    11 | D        | Found the +10 dark maul {heavy}
    11 | D        | Found the +15 Maxwell's patent armour {-Cast -Tele rElec
                  | Will+ rCorr}
    11 | D        | Found the +18 shield of the Gong {Loud rN+ Will+ rCorr
                  | EV-5}
    11 | D        | Found the +16 obsidian axe {drain, demonic, Mesm Drain Fly
                  | SInv}
    11 | D        | Found the +7 great mace "Firestarter" {flame, immolate,
                  | rFlCloud rF++}
    11 | D        | Found the +6 shillelagh "Devastator" {shatter}
    11 | D        | Found the +11 plutonium sword {Contam Stlth-}
    11 | D        | Found the +8 lance "Wyrmbane" {slay drac, rPois rF+ rC+
                  | AC+3}
    11 | D        | Found the +9 sword of Zonguldrok {reap}
    11 | D        | Found the +13 scythe of Curses {drain, curses, Drain}
    11 | D        | Found the +9 sword of Power {lifebolt}
    11 | D        | Found the +7 mace of Variability {chaos, chaos arc}
    11 | D        | Found the +11 Singing Sword {sonic wave}
    11 | D        | Found the +8 storm bow {elec, penet}
    13 | D        | Found a shimmering blue altar of Sif Muna.
    13 | D        | Found a sacrificial altar of Ru.
    13 | D        | Found a bloodstained altar of Trog.
    13 | D        | Found a stormy altar of Qazlal.
    13 | D        | Found an iron altar of Okawaru.
    13 | D        | Found a sparkling altar of Nemelex Xobeh.
    15 | D        | Found a transporter.
    15 | D        | Found an ancient bone altar of Kikubaaqudgha.
    15 | D        | Found a viscous altar of Jiyva.
    15 | D        | Found a corrupted altar of Lugonu.
    15 | D        | Found a hazy altar of Hepliaklqana.
    15 | D        | Found a burning altar of Makhleb.
    15 | D        | Found an opulent altar of Gozag.
    64 | D        | Became a worshipper of Cheibriados the Contemplative
    82 | D        | Entered arena 2.
    82 | D        | Noticed a phantom
    82 | D        | Noticed a phantom
    82 | D        | Found a transporter.
    93 | D        | Killed a phantom
    94 | D        | Reached skill level 5 in Fighting
    94 | D        | Reached skill level 5 in Stealth
    94 | D        | Reached XP level 2. HP: 23/27 MP: 4/6
    94 | D        | Reached XP level 3. HP: 28/33 MP: 5/8
    94 | D        | Reached XP level 4. HP: 33/39 MP: 5/9
    95 | D        | Killed a phantom
    96 | D        | Reached XP level 5. HP: 40/46 MP: 5/11
   242 | D        | Entered arena 3.
   242 | D        | Noticed a hell hound
   242 | D        | Noticed a fire elemental
   242 | D        | Noticed a hell hound
   242 | D        | Found a transporter.
   249 | D        | Killed a hell hound
   249 | D        | Reached * piety under Cheibriados
   249 | D        | Killed a hell hound
   249 | D        | Reached ** piety under Cheibriados
   250 | D        | Reached skill level 6 in Fighting
   250 | D        | Reached skill level 5 in Short Blades
   250 | D        | Reached skill level 5 in Dodging
   250 | D        | Reached skill level 5 in Spellcasting
   250 | D        | Reached skill level 5 in Invocations
   250 | D        | Reached XP level 6. HP: 42/53 MP: 11/14
   252 | D        | Killed a fire elemental
   253 | D        | Reached skill level 7 in Fighting
   253 | D        | Reached skill level 5 in Long Blades
   253 | D        | Reached skill level 5 in Axes
   253 | D        | Reached skill level 5 in Maces & Flails
   253 | D        | Reached skill level 5 in Polearms
   253 | D        | Reached skill level 5 in Staves
   253 | D        | Reached skill level 5 in Ranged Weapons
   253 | D        | Reached skill level 5 in Throwing
   253 | D        | Reached skill level 5 in Armour
   253 | D        | Reached skill level 5 in Shields
   253 | D        | Reached skill level 5 in Unarmed Combat
   253 | D        | Reached skill level 5 in Evocations
   253 | D        | Reached XP level 7. HP: 49/60 MP: 11/16
   308 | D        | Got the ring "Maank" {rElec rPois Will+ Dex-5}
   314 | D        | Entered arena 4.
   314 | D        | Noticed a +2 heavy glaive
   314 | D        | Noticed an air elemental
   314 | D        | Noticed a deep elf sorcerer
   314 | D        | Noticed a deep elf zephyrmancer
   314 | D        | Found a transporter.
   314 | D        | Paralysed by an air elemental for 1 turns
   316 | D        | Paralysed by an air elemental for 1 turns
   319 | D        | Killed a deep elf zephyrmancer
   319 | D        | Killed an air elemental
   319 | D        | Reached *** piety under Cheibriados
   320 | D        | Reached skill level 8 in Fighting
   320 | D        | Reached skill level 5 in Conjurations
   320 | D        | Reached skill level 5 in Hexes
   320 | D        | Reached skill level 5 in Summonings
   320 | D        | Reached skill level 5 in Necromancy
   320 | D        | Reached skill level 5 in Translocations
   320 | D        | Reached skill level 5 in Transmutations
   320 | D        | Reached skill level 5 in Fire Magic
   320 | D        | Reached skill level 5 in Ice Magic
   320 | D        | Reached skill level 5 in Air Magic
   320 | D        | Reached skill level 5 in Poison Magic
   320 | D        | Reached XP level 8. HP: 23/68 MP: 16/18
   321 | D        | Killed from afar by a deep elf sorcerer

Illustrated notes

Levels and vault maps discovered:
D:        sprint_v [room_start, room_1, room_2, room_3, room_4, room_5, room_6,
          room_7, room_8, room_9, room_10, room_11, room_12, room_13, room_14,
          room_15, room_16, room_17, room_18, room_19, room_20, room_21,
          room_22, room_23, room_24, room_25, room_26, room_27]

Skill      XL: |  1  2  3  4  5  6  7 |
---------------+----------------------+-----
Fighting       | 5 6 7 8 |  8.1
Short Blades   | 3 4 5 6 7 |  7.1
Long Blades    | 2 3 4 5 6 |  6.5
Axes           | 2 3 4 5 6 |  6.5
Maces & Flails | 2 3 4 5 6 |  6.5
Polearms       | 2 3 4 5 6 |  6.5
Staves         | 2 3 4 5 6 |  6.5
Ranged Weapons | 2 3 4 5 6 |  6.5
Throwing       | 2 3 4 5 6 |  6.5
Armour         | 2 3 4 5 6 |  6.5
Dodging        | 3 4 5 6 7 |  7.1
Stealth        | 5 6 7 |  7.8
Shields        | 2 3 4 5 6 |  6.5
Unarmed Combat | 2 3 4 5 6 |  6.5
Spellcasting   | 3 4 5 6 7 |  7.2
Conjurations   | 2 4 5 |  5.4
Hexes          | 2 4 5 |  5.4
Summonings     | 2 4 5 |  5.4
Necromancy     | 2 4 5 |  5.4
Translocations | 2 4 5 |  5.4
Transmutations | 2 4 5 |  5.4
Fire Magic     | 2 4 5 |  5.4
Ice Magic      | 2 4 5 |  5.4
Air Magic      | 2 4 5 |  5.4
Poison Magic   | 2 4 5 |  5.4
Invocations    | 3 4 5 7 |  7.2
Evocations     | 2 3 4 5 6 |  6.5
Earth Magic    | 6 7 |  7.8

Action                     |  1- 3 |  4- 6 |  7- 9 || total
---------------------------+-------+-------+-------++-------
  Melee: Shillelagh        |    10 |     8 |     4 ||    22
         Bite              |     2 |       |       ||     2
    Use: Potion            |       |     2 |       ||     2
 Armour: Plate armour      |     6 |     8 |     9 ||    23
  Dodge: Dodged            |       |     2 |     1 ||     3
  Block: Kite shield       |    20 |    14 |    12 ||    46
